Map: 2000 애트모스피어 - 래더

Players

Maru - Winner!

  • Race: Terran Terran

ByuN

  • Race: Terran Terran

Event: IEM Katowice 2022

VOD

Have the link to the VOD?

Description

Time

  • Played on: Feb. 25, 2022, 12:20 p.m.
  • Length: 17:36

All games in this series

Show
View Real Time Build Order
Export as new Build Order

Maru Terran - Winner!

Build Orders:  

Get SALT Encoding   

  12  0:00  SCV  
  13  0:12  SCV  
  14  0:16  Supply Depot  
  14  0:24  SCV  
  15  0:38  SCV  
  15  0:39  Barracks  
  15  0:42  Refinery  
  16  0:50  SCV  
  16  0:52  Refinery  
  17  1:02  SCV  
  18  1:14  SCV  
  19  1:26  Reaper, Orbital Command  
  19  1:30  Supply Depot  
  20  1:41  Factory  
  20  1:52  SCV  
  21  1:59  Reaper  
  22  2:04  SCV  
  23  2:16  SCV  
  23  2:20  Command Center  
  24  2:25  Hellion  
  24  2:28  SCV  
  27  2:31  Barracks Reactor  
  27  2:35  Supply Depot  
  27  2:40  SCV  
  28  2:46  Widow Mine  
  28  2:50  Starport  
  30  2:53  SCV  
  31  3:05  SCV  
  32  3:08  Factory Tech Lab  
  32  3:09  Marine x2  
  34  3:14  Refinery  
  34  3:17  SCV  
  35  3:27  Starport Tech Lab, Cyclone  
  35  3:30  SCV  
  35  3:32  Orbital Command  
  39  3:36  Marine x2  
  41  3:42  SCV  
  41  3:47  Raven  
  41  3:48  Supply Depot  
  44  3:54  SCV  
  45  3:57  Marine x2  
  45  3:59  SCV  
  48  4:05  Siege Tank  
  53  4:18  SCV x2  
  53  4:22  Command Center  
  53  4:27  Marine  
  53  4:28  Marine  
  53  4:30  Raven  
  55  4:33  SCV  
  55  4:36  Supply Depot  
  55  4:37  SCV  
  57  4:42  Siege Tank  
  60  4:45  SCV  
  60  4:49  SCV  
  60  4:55  Supply Depot  
  60  4:58  SCV  
  61  5:01  SCV, Marine x2  
  64  5:08  Refinery  
  64  5:10  SCV  
  65  5:16  SCV, Siege Tank  
  65  5:17  Supply Depot  
  69  5:22  SCV  
  69  5:28  Raven  
  70  5:33  SCV  
  70  5:35  Orbital Command  
  71  5:36  SCV  
  71  5:40  Barracks, Marine x2  
  71  5:41  Barracks  
  74  5:45  SCV  
  75  5:50  Engineering Bay  
  75  5:51  Engineering Bay  
  75  5:53  Siege Tank  
  78  6:01  SCV x2  
  78  6:02  SCV  
  80  6:13  SCV x2  
  80  6:14  Supply Depot  
  80  6:16  Supply Depot  
  82  6:22  Terran Infantry Weapons Level 1, Terran Infantry Armor Level 1  
  82  6:23  Viking x2, Orbital Command  
  86  6:28  SCV x2  
  89  6:34  Missile Turret  
  89  6:36  Barracks Reactor, Marine  
  89  6:37  Stimpack  
  90  6:40  SCV x2  
  90  6:43  Supply Depot  
  92  6:48  Barracks Reactor  
  92  6:49  SCV  
  92  6:52  SCV x2, Sensor Tower  
  92  6:53  Supply Depot  
  94  6:56  Viking  
  94  7:01  SCV, Viking  
  97  7:04  SCV x2  
  97  7:07  Siege Tank  
  104  7:13  SCV  
  104  7:15  Marine x2  
  104  7:18  Barracks  
  104  7:19  Barracks, SCV  
  104  7:20  SCV  
  107  7:23  Refinery  
  107  7:26  Supply Depot  
  107  7:27  SCV  
  107  7:28  Refinery  
  107  7:29  Marine  
  109  7:30  Marine, Medivac  
  109  7:31  Medivac  
  109  7:32  SCV  
  109  7:33  Marine x2  
  109  7:34  SCV  
  118  7:38  Armory  
  118  7:39  SCV  
  118  7:44  SCV  
  120  7:45  Siege Tank  
  120  7:46  SCV  
  120  7:50  Supply Depot  
  120  7:51  SCV, Command Center  
  125  7:55  Marine  
  125  7:56  SCV, Marine x2  
  129  8:01  SCV  
  129  8:03  SCV  
  129  8:04  Viking  
  132  8:08  Supply Depot x2, Barracks Reactor x2  
  132  8:12  Viking  
  134  8:16  Combat Shield  
  134  8:18  Marine x2  
  134  8:19  Marine x2  
  138  8:25  Siege Tank  
  130  8:29  Marine  
  130  8:34  Viking  
  133  8:38  Marine x2  
  133  8:39  Marine x2, Terran Infantry Weapons Level 2  
  137  8:42  Supply Depot, Viking  
  137  8:54  Marine x5  
  142  8:56  Marine  
  142  9:01  Marine x3, Siege Tank  
  145  9:04  Viking  
  145  9:05  Terran Infantry Armor Level 2  
  145  9:12  Viking, Marine x4  
  145  9:16  SCV x3  
  145  9:27  Planetary Fortress, Marine  
  145  9:28  Marine x2  
  145  9:30  SCV x3  
  146  9:33  Marine  
  146  9:36  Medivac  
  146  9:37  Marine x2  
  149  9:42  SCV, Medivac  
  149  9:44  Refinery  
  152  9:46  SCV x2, Sensor Tower  
  152  9:47  Refinery x2  
  152  9:51  Siege Tank  
  157  9:54  SCV  
  157  9:58  SCV x2  
  160  10:02  Command Center  
  160  10:06  SCV, Viking  
  163  10:10  SCV  
  163  10:11  Supply Depot, Missile Turret  
  164  10:15  Viking  
  164  10:19  Starport  
  164  10:20  Starport  
  162  10:23  Siege Tank  
  162  10:27  Marine x2, Factory  
  162  10:28  Marine x2  
  169  10:35  SCV  
  167  10:36  SCV  
  167  10:37  Barracks Reactor  
  163  10:46  Marine x2  
  163  10:47  Viking x2  
  169  10:59  Terran Vehicle Weapons Level 1  
  169  11:00  Starport Tech Lab  
  169  11:01  Starport Tech Lab  
  169  11:02  SCV x3  
  169  11:04  Armory, Siege Tank  
  175  11:05  Command Center  
  175  11:14  Command Center  
  175  11:18  Corvid Reactor, Siege Tank  
  178  11:21  Raven x2  
  178  11:25  Missile Turret x2, Orbital Command  
  181  11:33  Marine x4  
  181  11:47  Command Center  
  181  11:52  Missile Turret  
  180  11:55  Missile Turret  
  180  12:02  Terran Vehicle And Ship Armor Level 1  
  180  12:03  Raven, Command Center  
  180  12:04  Raven, Command Center  
  184  12:10  Starport  
  184  12:11  Starport  
  184  12:22  Terran Infantry Weapons Level 3  
  184  12:27  Missile Turret  
  184  12:28  Sensor Tower  
  184  12:29  Missile Turret, Orbital Command  
  184  12:39  Viking x2  
  184  12:41  Terran Infantry Armor Level 3  
  184  12:46  Raven  
  186  12:52  Refinery x2  
  186  12:55  Siege Tank  
  188  12:58  Raven  
  188  13:00  Starport Tech Lab, Starport Reactor  
  188  13:01  Orbital Command  
  188  13:03  Command Center  
  190  13:05  Planetary Fortress  
  190  13:14  Viking x2  
  190  13:15  Terran Ship Weapons Level 1  
  190  13:16  Orbital Command x2  
  194  13:22  Command Center  
  194  13:24  Viking  
  196  13:31  Viking  
  198  13:41  Viking  
  198  13:59  Viking  
  198  14:03  Command Center  
  198  14:05  Viking  
  200  14:30  Terran Vehicle And Ship Armor Level 2  
  200  14:43  Orbital Command  
  200  14:59  Neosteel Armor  
  200  15:09  Missile Turret x3  
  200  15:18  Hi-Sec Auto Tracking  
  200  15:19  Viking, Raven x2  
  191  15:22  Raven  
  191  15:23  Viking x2  
  189  15:30  Siege Tank  
  189  15:31  Marine, Siege Tank  
  192  15:41  Planetary Fortress  
  184  15:51  Viking  
  174  16:00  Marine x2  
  174  16:01  Raven, Marine  
  174  16:02  Viking, Raven  
  174  16:03  Siege Tank x2  
  175  16:04  Marine x5  
  175  16:05  Raven  
  175  16:06  Viking, Command Center  
  175  16:08  Fusion Core  
  181  16:14  Marine x2  
  181  16:15  Medivac  
  181  16:18  Marine  
  185  16:21  Medivac  
  184  16:29  Command Center x2  
  184  16:31  Marine x5  
  184  16:32  Medivac  
  177  16:35  Siege Tank x2  
  179  16:43  Viking  
  179  16:44  Planetary Fortress, Raven x2  
  178  16:47  Marine x2  
  178  16:48  Raven, Marine x2  
  178  16:53  Marine  
  178  16:54  Marine x4  
  179  16:56  Refinery x2  
  179  16:57  Medivac x2  
  179  17:00  Command Center  
  179  17:01  Unknown  
  190  17:10  Marine  
  190  17:11  Marine x3  
  190  17:15  Command Center  
  194  17:25  Factory  
Show
View Real Time Build Order
Export as new Build Order

ByuN Terran 

Build Orders: Cyclone Opening 

Get SALT Encoding   

  12  0:00  SCV  
  13  0:12  SCV  
  14  0:17  Supply Depot  
  14  0:24  SCV  
  15  0:38  SCV  
  15  0:40  Barracks  
  15  0:42  Refinery  
  16  0:50  SCV  
  16  0:52  Refinery  
  17  1:02  SCV  
  18  1:14  SCV  
  19  1:26  Reaper  
  19  1:27  Orbital Command  
  19  1:31  Supply Depot  
  20  1:39  Factory  
  20  1:52  SCV  
  21  1:58  Reaper  
  22  2:04  SCV  
  23  2:16  SCV  
  23  2:19  Command Center  
  24  2:25  Hellion  
  24  2:28  SCV  
  27  2:31  Barracks Tech Lab  
  27  2:35  Supply Depot  
  27  2:40  SCV  
  28  2:47  Starport  
  28  2:55  Cyclone  
  31  2:58  SCV  
  31  3:02  Barracks Tech Lab  
  32  3:10  SCV  
  33  3:19  Refinery  
  33  3:23  SCV  
  34  3:29  Banshee  
  34  3:31  Cyclone  
  34  3:33  Orbital Command  
  40  3:36  SCV  
  40  3:38  Barracks Reactor  
  41  3:46  Supply Depot  
  41  3:48  SCV  
  42  3:59  SCV  
  42  4:00  SCV  
  44  4:03  Siege Tank  
  44  4:07  Supply Depot  
  47  4:12  SCV  
  48  4:17  Raven, Marine x2  
  48  4:18  SCV  
  48  4:24  SCV  
  54  4:31  SCV  
  55  4:35  Marine x2, Siege Tank  
  55  4:36  SCV  
  55  4:38  Supply Depot  
  61  4:43  SCV  
  62  4:48  SCV  
  63  4:55  SCV, Command Center  
  64  5:00  SCV, Raven, Marine  
  64  5:06  Refinery  
  67  5:07  SCV  
  67  5:12  SCV  
  68  5:18  Marine x2, Siege Tank  
  68  5:19  SCV  
  74  5:24  Supply Depot, SCV  
  75  5:31  SCV  
  76  5:35  Barracks  
  76  5:36  SCV, Barracks  
  77  5:46  SCV  
  77  5:47  Supply Depot  
  77  5:48  SCV  
  79  5:50  Siege Tank  
  79  5:51  Stimpack  
  79  5:53  Viking  
  79  5:55  Viking  
  86  6:08  Marine  
  86  6:09  SCV x2, Engineering Bay  
  86  6:11  Engineering Bay  
  88  6:21  SCV x2  
  88  6:24  Barracks Reactor x2  
  88  6:26  Marine  
  88  6:29  Orbital Command  
  88  6:30  Viking x2  
  93  6:35  Siege Tank  
  93  6:37  SCV x2  
  93  6:38  Terran Infantry Weapons Level 1  
  98  6:41  Supply Depot x2  
  98  6:44  Marine  
  98  6:45  Terran Infantry Armor Level 1  
  99  6:49  SCV x2, Refinery  
  99  6:53  Refinery  
  101  6:59  SCV  
  102  7:01  SCV x2  
  102  7:02  Marine  
  107  7:09  Viking x2  
  107  7:11  SCV  
  107  7:13  SCV x2  
  109  7:23  SCV  
  109  7:25  SCV x2  
  109  7:26  Marine x5  
  109  7:28  Siege Tank  
  120  7:30  Combat Shield  
  120  7:32  Supply Depot, Command Center  
  120  7:33  Supply Depot  
  120  7:35  SCV  
  121  7:37  SCV  
  121  7:38  SCV  
  121  7:41  Armory  
  125  7:50  Barracks  
  125  7:54  SCV x3, Viking x2  
  125  7:56  Barracks  
  130  8:00  Supply Depot  
  130  8:02  Supply Depot  
  130  8:06  SCV x3, Marine x2  
  130  8:07  Marine x3  
  130  8:08  Siege Tank  
  141  8:18  SCV x2  
  141  8:24  Marine x3  
  141  8:25  Marine x2  
  143  8:30  Medivac x2  
  143  8:33  SCV x3  
  150  8:37  Supply Depot  
  150  8:39  Supply Depot x2  
  150  8:40  Supply Depot, Sensor Tower, Siege Tank  
  153  8:42  Marine x3  
  153  8:43  Barracks Reactor, Marine  
  153  8:44  Barracks Reactor  
  156  8:52  Supply Depot  
  148  9:00  Marine x3  
  148  9:01  Marine  
  146  9:05  Medivac x2  
  146  9:09  Barracks Reactor  
  149  9:11  Planetary Fortress, Factory  
  149  9:12  Siege Tank  
  149  9:13  SCV x3  
  155  9:17  Marine, Terran Infantry Weapons Level 2  
  155  9:18  Marine x2  
  155  9:19  Terran Infantry Armor Level 2, Marine  
  157  9:27  SCV x2, Marine  
  157  9:28  Marine x3  
  157  9:32  SCV  
  157  9:35  Marine x2  
  157  9:36  Marine x2  
  157  9:39  SCV  
  157  9:44  Siege Tank  
  157  9:45  Marine x3  
  162  9:46  Marine x3  
  167  9:53  SCV x3, Marine x3  
  167  9:54  Marine  
  167  9:55  Refinery x2  
  174  10:03  Viking x2, Marine x2  
  174  10:06  Siege Tank  
  174  10:07  Marine x2  
  183  10:11  SCV x3  
  188  10:16  Siege Tank  
  191  10:21  Terran Vehicle Weapons Level 1  
  191  10:23  Starport  
  191  10:25  Starport  
  191  10:28  Marine x8  
  196  10:30  Marine  
  200  10:38  Siege Tank  
  194  10:48  Viking x2  
  198  11:00  Command Center  
  198  11:01  Starport Tech Lab x2  
  198  11:06  Missile Turret  
  198  11:07  Missile Turret  
  198  11:10  Siege Tank  
  200  11:21  Command Center  
  200  11:22  Command Center  
  199  11:38  Viking x2  
  199  11:39  Viking  
  199  11:49  Terran Infantry Armor Level 3, Corvid Reactor, Terran Infantry Weapons Level 3  
  199  12:00  Armory  
  199  12:07  Siege Tank x2  
  196  12:09  Raven x2  
  196  12:13  Command Center  
  198  12:18  Command Center  
  198  12:19  Orbital Command  
  198  12:21  Command Center, Terran Vehicle Weapons Level 2  
  198  12:23  Viking, Command Center  
  198  12:26  Viking  
  198  12:36  Orbital Command  
  193  12:48  Siege Tank x2  
  194  12:53  Raven  
  194  12:54  Raven  
  194  12:56  Starport x2, Terran Vehicle And Ship Armor Level 1  
  198  13:09  SCV  
  198  13:10  Sensor Tower  
  199  13:13  Planetary Fortress  
  199  13:15  Sensor Tower  
  199  13:28  Viking  
  199  13:29  Viking  
  199  13:32  Refinery x2  
  199  13:33  Missile Turret  
  199  13:34  Planetary Fortress  
  199  13:36  Missile Turret  
  199  13:45  Starport Tech Lab, Raven x2, Starport Reactor  
  194  13:54  Missile Turret  
  185  13:59  Viking x2  
  185  14:00  Orbital Command  
  176  14:06  Viking  
  176  14:09  Orbital Command x2, Siege Tank x2  
  184  14:23  Viking x2  
  186  14:28  Viking x3  
  192  14:32  Viking  
  192  14:36  Viking  
  194  14:39  SCV  
  194  14:40  SCV x7, Refinery  
  194  14:42  Refinery  
  197  14:52  Terran Vehicle Weapons Level 3  
  197  14:53  SCV x3  
  197  14:54  Terran Vehicle And Ship Armor Level 2  
  197  14:55  Marine  
  200  15:05  Siege Tank x2  
  199  15:13  Marine  
  199  15:14  Marine x7  
  193  15:20  Viking x2  
  184  15:23  Marine x2  
  176  15:31  Marine  
  176  15:32  Marine x5  
  170  15:37  Siege Tank x2  
  170  15:41  Marine x2  
  175  15:49  Marine x6  
  145  15:59  Marine x2  
  145  16:00  Viking  
  145  16:01  Viking x4  
  145  16:02  SCV  
  145  16:04  SCV x2  
  138  16:07  Marine x6  
  138  16:09  Siege Tank x2  
  150  16:12  Command Center  
  150  16:14  SCV  
  150  16:16  Marine  
  150  16:17  Marine  
  153  16:25  Marine x4  
  144  16:27  Marine x2  
  130  16:33  Viking x3  
  130  16:34  Marine x2  
  130  16:35  Orbital Command  
  126  16:41  Siege Tank x2  
  126  16:42  Marine  
  126  16:43  Marine x3  
  126  16:44  Marine  
  126  16:45  Marine  
  113  16:52  Marine x2  
  108  17:00  Marine  
  108  17:01  Marine x3  
  112  17:02  Marine  
  112  17:03  Marine  
  114  17:10  Marine x2  

Tags
 
Add a new tag
Caveats
  • Supply blocks, unpowered buildings, or Contaminate may cause inaccurate times.
  • Supply counts are checked every 10 seconds.